 Dungeon Crawl Stone Soup version 0.29.1-12-g30fa7ad0bf (webtiles) character file.

Game seed: 1914041242639307109

93 venomsnake the Conjurer (level 4, -2/24 HPs)
             Began as a Deep Elf Conjurer on Dec 26, 2022.
             Slain by Natasha (3 damage)
             ... on level 2 of the Dungeon.
             The game lasted 00:06:10 (1644 turns).

venomsnake the Conjurer (Deep Elf Conjurer)         Turns: 1644, Time: 00:06:11

Health: -2/24      AC:  2    Str:  4    XL:     4   Next: 37%
Magic:  0/12       EV: 12    Int: 25    God:
Gold:   90         SH:  4    Dex: 13    Spells: 8/11 levels left

rFire   . . .      SeeInvis .   p - +0 dagger
rCold   . . .      Faith    .   e - +0 buckler
rNeg    . . .      Spirit   .   a - +0 robe
rPois   .          Reflect  .   (no helmet)
rElec   .          Harm     .   (no cloak)
rCorr   .          Rampage  .   (no gloves)
Will    .....                   (no boots)
Stlth   ++........              (no amulet)
HPRegen 0.08/turn               (no ring)
MPRegen 0.13/turn               (no ring)

@: slowed, very slow
A: no striking features
a: no special abilities


You were on level 2 of the Dungeon.
You visited 1 branch of the dungeon, and saw 2 of its levels.

You collected 90 gold pieces.

Inventory:

Hand Weapons
 p - a +0 dagger (weapon)
Missiles
 m - 4 poisoned darts
Armour
 a - a +0 robe (worn)
 e - a +0 buckler (worn)
Jewellery
 q - an amulet of guardian spirit
Scrolls
 f - a scroll of amnesia {unknown}
 g - a scroll of identify {unknown}
 h - a scroll of fear {unknown}
 i - a scroll of torment {unknown}
 l - a scroll of summoning {unknown}
 n - 2 scrolls of magic mapping {unknown}
Potions
 b - a potion of magic
 c - a potion of lignification {unknown}
 d - a potion of brilliance {unknown}
 j - a potion of invisibility {unknown}
 k - a potion of curing
 o - a potion of flight {unknown}


   Skills:
 - Level 2.4 Dodging
 - Level 2.4 Stealth
 - Level 1.0 Shields
 + Level 4.2 Spellcasting
 + Level 5.1 Conjurations
 + Level 2.1 Translocations


You had 8 spell levels left.
You knew the following spells:

 Your Spells              Type           Power      Damage    Failure   Level
a - Magic Dart            Conj           100%       1d8       1%          1
b - Searing Ray           Conj           60%        2d6       2%          2

Your spell library contained the following spells:

 Spells                   Type           Power      Damage    Failure   Level
 Dazzling Flash           Conj/Hex       36%        N/A       13%         3
 Iskenderun's Mystic Bla  Conj/Tloc      23%        2d6       26%         4
 Fulminant Prism          Conj/Hex       9%         3d7       38%         4


Dungeon Overview and Level Annotations

Branches:
Dungeon (2/15)

Altars:
Ashenzari

Shops:
D:1 [

Annotations:
D:2 Natasha


Message History

Casting: Searing Ray (safe; 2% risk of failure)
Confirm with . or Enter, or press ? or * to list all spells.
Restarting spell: Searing Ray (safe; 2% risk of failure)
Press: ? - help, Shift-Dir - straight line, f/p - Natasha
Aim: Natasha (moderately wounded, 74% to hit)
The searing ray hits Natasha!
Natasha is almost dead. (Press . to maintain the ray.)
The white imp completely misses you.
Casting: Searing Ray (safe; 2% risk of failure)
Confirm with . or Enter, or press ? or * to list all spells.
You don't have enough magic to cast this spell.
Unknown command.
Natasha stares at you and mumbles some strange words.
You feel yourself slow down.
Natasha drinks a potion.
Natasha is healed!
Natasha mumbles some strange words.
The white imp attacks as you move away! The white imp barely misses you.
The white imp gestures at you. The puff of frost hits you!
Ouch! That really hurt!
* * * LOW HITPOINT WARNING * * *
Casting: Searing Ray (safe; 2% risk of failure)
Confirm with . or Enter, or press ? or * to list all spells.
Aiming: Searing Ray (safe; 2% risk of failure)
Press: ? - help, Shift-Dir - straight line, f/p - Natasha
Aim: Natasha (lightly wounded, 74% to hit)
The searing ray hits Natasha!
Natasha is severely wounded. (Press . to maintain the ray.)
The white imp shouts, "Capitulate, thou fawning guts-griping pustule!"
The white imp gestures at you. The puff of frost misses you.
The crimson imp shouts, "Get thee hence, thou errant dismal-dreaming barnacle!"
Your magical contamination has completely faded away.
Natasha howls an incantation.
Natasha glows brightly for a moment.
Natasha barely misses you. Natasha claws you.
You die...

#...8......)........#####.# #.#.#
###...###....#####).......# #.#.#
..##.##...#### #...####### #.#.#
#..#.#..#### #...# #....
##.###.###.#### #...# #..##
.#..#..#......# #...# ###..##
.##.#.##.#.##.###...#######.....#
..#.#.#....#.............##......
..#...#.##......@h5..............
..##.##..#........5......###.....
...#.##..#.##.###...########.#...
...#.##.†.....# #...# ....#...
##.#.#.#.#.#### #...# ##......
...#.##.......###...##.####.####.
##.....†.#.##.##..........#.##)..
##..##.##.##.#..#####.##.#.##...
##...................##.#.##...


You could see Natasha, a crimson imp (summoned) and a white imp (summoned).

Vanquished Creatures
  Jessica (D:2)
  Natasha (D:2)
  2 dart slugs
  4 ball pythons
  2 bats
  4 endoplasms
  A giant cockroach (D:1)
  3 goblins
  3 hobgoblins
  4 quokkas
  3 frilled lizards (D:1)
  4 kobolds
  4 rats
36 creatures vanquished.

Notes
Turn   | Place    | Note
-------+----------+-------------------------------------------
     0 | D:1      | venomsnake the Deep Elf Conjurer began the quest for the
                  | Orb.
     0 | D:1      | Reached XP level 1. HP: 10/10 MP: 6/6
   130 | D:1      | Found Bika's Antique Armour Emporium.
   215 | D:1      | Reached XP level 2. HP: 15/15 MP: 5/8
   218 | D:1      | Learned a level 2 spell: Searing Ray
   410 | D:1      | Reached skill level 1 in Translocations
   964 | D:2      | Reached XP level 3. HP: 19/19 MP: 5/10
  1294 | D:2      | Noticed Jessica
  1300 | D:2      | Killed Jessica
  1301 | D:2      | Reached skill level 1 in Shields
  1338 | D:2      | Noticed Natasha
  1342 | D:2      | Killed Natasha
  1343 | D:2      | Reached skill level 5 in Conjurations
  1343 | D:2      | Reached XP level 4. HP: 24/24 MP: 7/12
  1386 | D:2      | Identified the +0 ring mail of the Alphagorgon {-Tele Harm
                  | Stlth+}
  1452 | D:2      | Found a faded altar of an unknown god.
  1619 | D:2      | Found a broken altar of Ashenzari.
  1619 | D:2      | Noticed Natasha
  1641 | D:2      | HP: 1/24 [white imp/puff of frost[Natasha] (15)]
  1644 | D:2      | Slain by Natasha

Illustrated notes

Levels and vault maps discovered:
D:1:      zelgadis_glass_arrival_small, layout_loops_ring, serial_shops,
          shop_fountains
D:2:      minmay_general_purpose_star, layout_loops_cross,
          hellmonk_ecumenical_altar_lost_god, basic_altar,
          minmay_misc_feat_enclosed, uniq_crazy_yiuf_cottage, uniq_jessica,
          uniq_natasha

Skill      XL: |  1  2  3 |
---------------+----------+-----
Translocations | 1 2 |  2.1
Shields        | 1 |  1.0
Spellcasting   | 4 |  4.2
Conjurations   | 5 |  5.1
Dodging        | |  2.4
Stealth        | |  2.4

Action                   |  1- 3 |  4- 6 || total
-------------------------+-------+-------++-------
 Cast: Magic Dart        |    65 |     7 ||    72
       Searing Ray       |     1 |     5 ||     6
Dodge: Dodged            |     2 |     4 ||     6
